 Dungeon Crawl Stone Soup version 0.31-a0-43-g46d131a48f (webtiles) character file.

Game seed: 17569178156619043242

3882 pk666 the Thaumaturge (level 10, -3/50 HPs)
             Began as a Deep Elf Fire Elementalist on May 18, 2023.
             Was a Believer of Vehumet.
             Slain by a two-headed ogre
             ... wielding a +0 giant spiked club
              (31 damage)
             ... on level 8 of the Dungeon.
             The game lasted 00:15:22 (8312 turns).

pk666 the Thaumaturge (Deep Elf Fire Elementalist)  Turns: 8312, Time: 00:15:22

Health: -3/50      AC:  5    Str:  5    XL:     10   Next: 0%
Magic:  12/25      EV: 16    Int: 25    God:    Vehumet [**....]
Gold:   316        SH:  0    Dex: 15    Spells: 19/28 levels left

rFire   + . .        w - staff of fire
rCold   . . .        (no shield)
rNeg    . . .        v - +2 robe {Archmagi}
rPois   .            (no helmet)
rElec   .            (no cloak)
rCorr   .            (no gloves)
SInv    .            z - +0 pair of boots
Will    +....        a - amulet of regeneration
Stlth   ++           (no ring)
HPRegen 1.08/turn    (no ring)
MPRegen 0.19/turn

%: archmagi
@: no status effects
A: no striking features
a: Renounce Religion


You were on level 8 of the Dungeon.
You worshipped Vehumet.
Vehumet was pleased with you.
You visited 2 branches of the dungeon, and saw 9 of its levels.

You collected 316 gold pieces.

Inventory:

Hand Weapons
 r - a +4 dagger of electrocution
Armour
 l - a +2 robe of fire resistance
 v - a +2 robe of the Archmagi (worn)
 z - a +0 pair of boots (worn)
Magical Staves
 w - a staff of fire (weapon)
Jewellery
 a - an amulet of regeneration (around neck)
Wands
 b - a wand of acid (12)
 m - a wand of digging (4)
Scrolls
 d - 5 scrolls of teleportation
 e - 2 scrolls of enchant weapon {unknown}
 f - a scroll of torment {unknown}
 g - 2 scrolls of blinking {unknown}
 h - 2 scrolls of fog {unknown}
 i - 2 scrolls of vulnerability {unknown}
 j - 2 scrolls of amnesia {unknown}
 k - 3 scrolls of enchant armour
 n - a scroll of fear {unknown}
 t - a scroll of acquirement {unknown}
 y - a scroll of brand weapon {unknown}
Potions
 c - 2 potions of curing
 o - 2 potions of ambrosia
 p - 2 potions of attraction {unknown}
 q - 2 potions of resistance {unknown}
 s - 2 potions of mutation {unknown}
 u - a potion of berserk rage {unknown}
 x - a potion of heal wounds


   Skills:
 + Level 9.0 Dodging
 - Level 2.4 Stealth
 + Level 9.8 Spellcasting
 + Level 7.9 Conjurations
 + Level 8.6 Fire Magic


You had 19 spell levels left.
You knew the following spells:

 Your Spells              Type           Power      Damage    Failure   Level
a - Foxfire               Conj/Fire      100%       2x1d9     1%          1
b - Scorch                Fire           100%       2d9       1%          2
c - Flame Wave            Conj/Fire      88%        2d19      1%          4
i - Blink                 Tloc           36%        N/A       8%          2

Your spell library contained the following spells:

 Spells                   Type           Power      Damage    Failure   Level
 Shock                    Conj/Air       100%       1d9       1%          1
 Momentum Strike          Conj/Tloc      96%        3d10      1%          2
 Static Discharge         Conj/Air       96%        2-6/arc   1%          2
 Inner Flame              Hex/Fire       66%        N/A       2%          3
 Volatile Blastmotes      Fire/Tloc      100%       2d18      2%          3
 Stone Arrow              Conj/Erth      96%        3d13      3%          3
 Apportation              Tloc           36%        N/A       4%          1
 Necrotise                Necr           72%        1d7       4%          1
 Sandblast                Erth           36%        2d10      4%          1
 Summon Small Mammal      Summ           72%        N/A       4%          1
 Lesser Beckoning         Tloc           36%        N/A       8%          2
 Passwall                 Tmut/Erth      15%        N/A       8%          2
 Fulminant Prism          Conj/Hex       24%        3d12      10%         4
 Iskenderun's Mystic Bla  Conj/Tloc      48%        2d11      10%         4
 Vhi's Electric Charge    Tloc/Air       36%        N/A       16%         3
 Arcjolt                  Conj/Air       24%        1d34      26%         5
 Airstrike                Air            9%         2d(2-18)  45%         4
 Summon Lightning Spire   Summ/Air       18%        N/A       45%         4
 Lee's Rapid Deconstruct  Erth           9%         3d7*      80%         5
 Maxwell's Capacitive Co  Air            9%         ∞         100%        8


Dungeon Overview and Level Annotations

Branches:
Dungeon (8/15)             Temple (1/1) D:4
   Lair: D:8-11

Altars:
Ashenzari
Dithmenos
Elyvilon
Gozag
Kikubaaqudgha
Makhleb
Nemelex Xobeh
Okawaru
Qazlal
Ru
Sif Muna
Trog
Uskayaw
Vehumet
Wu Jian
Xom
Zin
The Shining One

Shops:
D:3 (   D:4 [

Annotations:
D:7 1 runed translucent door, bmj180's ghost, novice MiFi


Message History

You feel a strong surge of power!
Flames lash the bullfrog.
The bullfrog is severely wounded.
The bullfrog's fire resistance burns away.
You hear an angry buzzing noise.
The bullfrog misses you.
Casting: Scorch (safe; 1% risk of failure)
Confirm with . or Enter, or press ? or * to list all spells.
Casting: Flame Wave (dangerous; 1% risk of failure)
Press: ? - help, Dir - look around, f - activate You feel a strong surge of power!
A wave of flame ripples out!
The flame wave engulfs the two-headed ogre.
The two-headed ogre is moderately wounded.
The flame wave engulfs the bullfrog!!
The bullfrog is burned terribly!
You kill the bullfrog!
Vehumet accepts your kill.
You feel your power returning. (Press . to intensify the flame waves.)
The two-headed ogre hits you with a +0 giant spiked club!!
The two-headed ogre misses you.
You have reached level 10!
A hornet comes into view.
The orc priest invokes the aid of Beogh against you.
Beogh smites you!
The orc priest begins to cast a cantrip, but forgets the words!
Okay, then.
You feel a strong surge of power!
Flames lash the two-headed ogre.
The two-headed ogre is heavily wounded.
The two-headed ogre's fire resistance burns away.
Casting: Scorch (safe; 1% risk of failure)
Confirm with . or Enter, or press ? or * to list all spells.
Casting: Flame Wave (dangerous; 1% risk of failure)
Press: ? - help, Dir - look around, f - activate You feel a strong surge of power!
A wave of flame ripples out!
The flame wave engulfs the two-headed ogre!!
The two-headed ogre is burned terribly!
The two-headed ogre is almost dead. (Press . to intensify the flame waves.)
The two-headed ogre hits you with a +0 giant spiked club!!
Ouch! That really hurt!
You die...

#.# #.# ##o#
#..# #.##
########.###
#..........#
#.....Oy...#
#.....@....#
#..........#
####....####
#..#### #.##
#.# ##.# #
#.# #..#
#.#.# #.##


You could see a two-headed ogre (combustible), a hornet and an orc priest.

Vanquished Creatures
  Pikel (D:5)
  A hornet (D:7)
  A wyvern (D:7)
  Sigmund (D:2)
  A steam dragon (D:8)
  3 water moccasins
  2 black bears
  An ice beast (D:6)
  An ogre (D:6)
  2 centaurs
  2 phantoms (D:6)
  A kobold brigand (D:8)
  2 bullfrogs (D:8)
  5 scorpions
  5 wights (D:7)
  5 killer bees (D:7)
  An electric eel (D:6)
  3 hounds (D:5)
  3 jellies (D:6)
  An orc priest (D:3)
  2 sleepcaps
  5 iguanas
  Ijyb (D:5)
  Terence (D:3)
  6 orc wizards
  6 gnolls
  7 adders
  A shadow imp (D:7)
  A white imp (D:6)
  2 dart slugs (D:2)
  2 worms (D:2)
  19 orcs
  9 endoplasms
  2 giant cockroaches (D:2)
  8 goblins
  4 hobgoblins
  6 jackals
  5 quokkas
  10 ball pythons
  6 bats
  2 frilled lizards (D:2)
  11 kobolds
  5 rats
163 creatures vanquished.

Vanquished Creatures (collateral kills)
  3 foxfires (D:6)
3 creatures vanquished.

Vanquished Creatures (others)
  419 foxfires
419 creatures vanquished.

Grand Total: 585 creatures vanquished

Notes
Turn   | Place    | Note
-------+----------+-------------------------------------------
     0 | D:1      | pk666 the Deep Elf Fire Elementalist began the quest for
                  | the Orb.
     0 | D:1      | Reached XP level 1. HP: 10/10 MP: 6/6
   437 | D:1      | Reached XP level 2. HP: 15/15 MP: 5/8
   505 | D:1      | Learned a level 2 spell: Scorch
   949 | D:2      | Reached XP level 3. HP: 19/19 MP: 5/10
  1411 | D:2      | Noticed Sigmund
  1419 | D:2      | Killed Sigmund
  1420 | D:2      | Reached XP level 4. HP: 21/24 MP: 4/12
  1420 | D:2      | Reached XP level 5. HP: 25/28 MP: 4/13
  1425 | D:2      | Learned a level 4 spell: Flame Wave
  2287 | D:3      | Noticed Terence
  2292 | D:3      | Killed Terence
  2293 | D:3      | Reached XP level 6. HP: 32/32 MP: 10/15
  2636 | D:3      | Found Tomiag's Weapon Shop.
  2777 | D:3      | Reached skill level 5 in Spellcasting
  3637 | D:4      | Found Omeess's Armour Shoppe.
  3661 | D:4      | Reached skill level 5 in Fire Magic
  3792 | D:4      | Found a staircase to the Ecumenical Temple.
  3820 | Temple   | Entered the Ecumenical Temple
  3843 | Temple   | Became a worshipper of Vehumet
  4414 | D:5      | Entered Level 5 of the Dungeon
  4578 | D:5      | Learned a level 2 spell: Blink
  4621 | D:5      | Reached XP level 7. HP: 34/36 MP: 11/17
  4624 | D:5      | Reached skill level 5 in Dodging
  4740 | D:5      | Noticed Pikel
  4763 | D:5      | Killed Pikel
  4764 | D:5      | Reached skill level 5 in Conjurations
  4826 | D:5      | Reached XP level 8. HP: 41/41 MP: 11/20
  4935 | D:5      | Noticed Ijyb
  4952 | D:5      | Killed Ijyb
  4976 | D:5      | Reached * piety under Vehumet
  4976 | D:5      | Offered knowledge of Kiss of Death by Vehumet.
  5967 | D:6      | Identified the +4 ring mail of Toigequi {Rampage Int+8
                  | Dex-5 Slay+2}
  6482 | D:6      | Reached XP level 9. HP: 45/45 MP: 17/23
  7364 | D:7      | Reached ** piety under Vehumet
  7364 | D:7      | Offered knowledge of Shock by Vehumet.
  7418 | D:7      | Found a runed translucent door.
  7419 | D:7      | Noticed bmj180's ghost (novice MiFi)
  7530 | D:7      | Found a glowing golden altar of the Shining One.
  7884 | D:7      | Paralysed by a hornet for 1 turns
  8191 | D:8      | Found a burning altar of Makhleb.
  8191 | D:8      | Noticed a blizzard demon
  8292 | D:8      | Noticed a two-headed ogre
  8303 | D:8      | Reached XP level 10. HP: 28/50 MP: 17/25
  8312 | D:8      | Slain by a two-headed ogre

Illustrated notes

Levels and vault maps discovered:
D:1:      wander_arrival_fairy_ring, layout_loops_cross, minivault_11,
          nicolae_titane
D:2:      layout_basic, uniq_sigmund
D:3:      layout_loops_ring, serial_shops, nicolae_shop_bloodbath_and_beyond,
          kennysheep_donut, hangedman_decor_opposing, uniq_terence
D:4:      layout_loops_ring, temple_pool_b, serial_shops, shop
D:5:      layout_basic, serial_curves, eino_curves_02, eino_curves_01,
          grunt_decor_fettered, uniq_ijyb, uniq_pikel
D:6:      layout_basic, serial_bayou, serial_bayou_ford_a,
          serial_bayou_crossing, serial_bayou_pond_b, serial_bayou_pond_e
D:7:      layout_gridville, mainiacjoe_overflow_tiny_flanked,
          ebering_ghost_reflecting_pool
D:8:      layout_basic, makhleb_altar_promises_db, nzn_hepliaklqana_mist_gate,
          st_stairs_9, chequers_serial_rivers_small_b
Temple:   nicolae_temple_slightly_damp_pantheon

Skill      XL: |  1  2  3  4  5  6  7  8  9 |
---------------+----------------------------+-----
Dodging        | 3 4 5 7 9 |  9.0
Conjurations   | 3 4 5 6 7 |  7.9
Spellcasting   | 4 5 6 8 9 |  9.8
Fire Magic     | 4 5 6 7 8 |  8.6
Stealth        | |  2.4

Action                     |  1- 3 |  4- 6 |  7- 9 | 10-12 || total
---------------------------+-------+-------+-------+-------++-------
   Cast: Foxfire           |    61 |   103 |    96 |       ||   260
         Scorch            |     8 |    26 |    88 |     1 ||   123
         Flame Wave        |       |     1 |     8 |     1 ||    10
    Use: Scroll            |       |       |     5 |       ||     5
         Potion            |       |       |     1 |       ||     1
 Armour: Robe              |     1 |     2 |     6 |       ||     9
  Dodge: Dodged            |     3 |     4 |    35 |       ||    42

Table legend: (Time is in decaauts)
 A = Elapsed time spent in this place.
 B = Non-inter-level travel time spent in this place.
 C = Inter-level travel time spent in this place.
 D = Time resting spent in this place.
 E = Time spent auto-exploring this place.
 F = Levels seen in this place.
 G = Mean time per level.
                   A        B        C        D        E       F      G
               +--------+--------+--------+--------+--------+-----+--------+
         Total |   8340 |   8052 |    288 |    713 |   6247 |   9 |  926.7 |
       Dungeon |   8145 |   7875 |    270 |    713 |   6093 |   8 | 1018.1 |
        Temple |    194 |    176 |     18 |      0 |    154 |   1 |  194.0 |
               +--------+--------+--------+--------+--------+-----+--------+

Top non-repeatable levels by time:
     D:3: 1363 daAuts
     D:6: 1355 daAuts
     D:5: 1204 daAuts
     D:2: 1035 daAuts
     D:7: 1024 daAuts
     D:4: 961 daAuts
     D:1: 912 daAuts
     D:8: 287 daAuts
  Temple: 194 daAuts
